 Dungeon Crawl Stone Soup version 0.29.0-4-gdea44cf6ec (webtiles) character file.

Game seed: 9737088404660472031

109 qw the Ruffian (level 4, -4/35 HPs)
             Began as a Ghoul Enchanter on Sept 4, 2022.
             Slain by a gnoll
             ... wielding a +2 vampiric spear
              (8 damage)
             ... on level 2 of the Dungeon.
             The game lasted 00:00:56 (2212 turns).

qw the Ruffian (Ghoul Enchanter)                    Turns: 2212, Time: 00:00:56

Health: -4/35      AC:  8    Str: 13    XL:     4   Next: 89%
Magic:  5/5        EV:  4    Int: 10    God:
Gold:   113        SH:  7    Dex:  9    Spells: 6/6 levels left

rFire   . . .      SeeInvis .     - Unarmed
rCold   + + .      Faith    .   a - +0 kite shield
rNeg    + + +      Spirit   .   g - +0 chain mail
rPois   inf        Reflect  .   (no helmet)
rElec   .          Harm     .   (no cloak)
rCorr   .          Rampage  .   (no gloves)
Will    .....                   (no boots)
Stlth   ..........              (no amulet)
HPRegen 0.00/turn               k - ring of protection from cold
MPRegen 0.09/turn               (no ring)

@: inhibited regen
A: claws 1, cold resistance 1, negative energy resistance 3, inhibited
regeneration, torment resistance 2, devour on kill
a: no special abilities


You were on level 2 of the Dungeon.
You visited 1 branch of the dungeon, and saw 2 of its levels.

You collected 113 gold pieces.


Innate Abilities, Weirdness & Mutations

You are immune to poison.
You have sharp fingernails.
Your flesh is cold resistant. (rC+)
You are immune to negative energy. (rN+++)
You do not regenerate when monsters are visible.
You are immune to unholy pain and torment.
You thrive by killing the living.


   Skills:
 - Level 1.0 Fighting
 - Level 0.8 Short Blades
 - Level 1.7 Dodging
 - Level 3.2 Stealth
 - Level 2.0 Shields
 + Level 3.5 Unarmed Combat
 - Level 1.7 Spellcasting
 - Level 2.4 Hexes


You had 6 spell levels left.
You didn't know any spells.
Your spell library contained the following spells:

 Spells                   Type           Power      Damage    Failure   Level
 Ensorcelled Hibernation  Hex/Ice        6%         N/A       100%        2
 Confusing Touch          Hex            5%         N/A       100%        3
 Dazzling Flash           Conj/Hex       6%         N/A       100%        3
 Tukima's Dance           Hex            5%         N/A       100%        3

Inventory:

Missiles
 d - 3 boomerangs (quivered)
Armour
 a - a +0 kite shield (worn)
 g - a +0 chain mail (worn)
 m - a scarf of resistance
Jewellery
 k - a ring of protection from cold (left claw)
 l - a ring of protection from fire
Scrolls
 b - a scroll of brand weapon {unknown}
 f - a scroll of fear {unknown}
 i - a scroll of butterflies {unknown}
Potions
 c - 2 potions of might {unknown}
 e - 2 potions of degeneration {unknown}
 h - a potion of attraction {unknown}

Dungeon Overview and Level Annotations

Branches:
Dungeon (2/15)

Altars:

Annotations:
D:2 1 runed translucent door, Crazy Yiuf


Message History

The gnoll is heavily wounded.
You block the gnoll's attack.
The gnoll drinks a potion.
The gnoll flickers and vanishes!
Deactivating autopickup; reactivate with Ctrl-A.
You scratch the gnoll but do no damage. Something hits you but does no damage.
The gnoll hits you but does no damage.
You scratch the gnoll.
The gnoll is moderately wounded.
The gnoll hits you but does no damage. Something hits you.
The gnoll hits you with a +0 club!
2205 ||| Stepping ~*~*~tactically~*~*~ (outnumbered).
Something hits you. The gnoll attacks as you move away!
The gnoll hits you with a +0 whip. The gnoll hits you with a +0 spear.
Something hits you but does no damage.
You scratch the gnoll.
The gnoll is heavily wounded.
The gnoll hits you with a +0 whip. The gnoll barely misses you.
Something hits you but does no damage. The gnoll hits you with a +0 spear.
2207 ||| DRINKING potion of heal wounds.
You feel much better. Something hits you. You block the gnoll's attack. x2
You scratch the gnoll.
The gnoll is almost dead.
Something hits you. You block the gnoll's attack.
The gnoll hits you with a +0 whip.
You closely miss the gnoll.
The gnoll is almost dead.
Something hits you but does no damage.
The gnoll hits you but does no damage. x2
You closely miss the gnoll.
The gnoll is almost dead.
Something hits you. The gnoll hits you with a +0 spear.
You scratch the gnoll.
You kill the gnoll!
You block something's attack. The gnoll hits you with a +0 spear.
Something hits you.
You scratch the gnoll.
The gnoll is heavily wounded.
The gnoll hits you with a +0 club. The gnoll hits you but does no damage.
Something hits you!
You die...

.####....#.......###.#...........
........#........###.#...........
####...##............#...#..#.%.#
######.....).######..#....#%#.
##......# ##.########## ##......#
#..##.###...# ......{.#
#.##.#...###.
.......g#####.##.########
.......g@.....###.##..##.
..#.#########.# ##)###%.# .' #.#
###.##### . #.# #........
#%##~~~~~~~~~ #.##~~~~~~~~~
#.###........ #.# ######### #.#
#8.###8.#


You could see 2 gnolls.

Vanquished Creatures
  5 gnolls (D:2)
  An adder (D:2)
  A worm (D:2)
  A dart slug (D:1)
  A ball python (D:2)
  7 bats (D:2)
  4 endoplasms (D:2)
  4 giant cockroaches
  5 goblins
  3 hobgoblins (D:2)
  A jackal (D:2)
  2 quokkas (D:2)
  A frilled lizard (D:2)
  5 kobolds
  3 rats (D:2)
44 creatures vanquished.

Notes
Turn   | Place    | Note
-------+----------+-------------------------------------------
     0 | D:1      | qw the Ghoul Enchanter began the quest for the Orb.
     0 | D:1      | Reached XP level 1. HP: 14/14 MP: 2/2
     0 | D:1      | 0 ||| qw: Version: 0.1-a-103-gd6f5d3a
     0 | D:1      | 0 ||| qw: Game counter: 5684
     0 | D:1      | 0 ||| qw: Always use a shield: true
     0 | D:1      | 0 ||| qw: God list: Okawaru
     0 | D:1      | 0 ||| qw: Allow faded altars: false
     0 | D:1      | 0 ||| qw: Do Orc after D:15 true
     0 | D:1      | 0 ||| qw: Do second Lair branch before Depths: true
     0 | D:1      | 0 ||| qw: Lair rune preference: random
     0 | D:1      | 0 ||| qw: Plans: Normal
     0 | D:1      | 0 ||| PLANNING D:1-11
     1 | D:1      | 1 ||| DROPPING +1 dagger.
    87 | D:1      | Reached skill level 1 in Unarmed Combat
   152 | D:1      | Found a faded altar of an unknown god.
   255 | D:1      | Reached XP level 2. HP: 22/22 MP: 3/3
   362 | D:1      | Reached skill level 1 in Fighting
   865 | D:1      | 865 ||| UPGRADING to +0 kite shield.
   870 | D:1      | 870 ||| UPGRADING to +0 chain mail.
   880 | D:1      | 880 ||| DROPPING +0 robe.
   881 | D:1      | 881 ||| UPGRADING to ring of protection from cold.
   882 | D:1      | 882 ||| READING scroll labelled OPSAVU WAXZY.
   883 | D:1      | 883 ||| READING scroll labelled VYETTO TUQEMI.
   884 | D:1      | 884 ||| DROPPING 2 potions of invisibility.
   939 | D:2      | 939 ||| STAIRDANCE
  1115 | D:2      | Reached skill level 1 in Shields
  1115 | D:2      | Reached XP level 3. HP: 25/28 MP: 4/4
  1299 | D:2      | 1299 ||| Stepping ~*~*~tactically~*~*~ (stealth).
  1342 | D:2      | 1342 ||| Stepping ~*~*~tactically~*~*~ (stealth).
  1642 | D:2      | Found a runed translucent door.
  1643 | D:2      | Noticed Crazy Yiuf
  1764 | D:2      | 1764 ||| Stepping ~*~*~tactically~*~*~ (stealth).
  1856 | D:2      | 1856 ||| Stepping ~*~*~tactically~*~*~ (stealth).
  1904 | D:2      | Reached XP level 4. HP: 35/35 MP: 5/5
  1922 | D:2      | Reached skill level 3 in Unarmed Combat
  2028 | D:2      | 2028 ||| FLEEEEING.
  2029 | D:2      | 2029 ||| FLEEEEING.
  2030 | D:2      | 2030 ||| FLEEEEING.
  2056 | D:2      | 2056 ||| Stepping ~*~*~tactically~*~*~ (stealth).
  2057 | D:2      | 2057 ||| Stepping ~*~*~tactically~*~*~ (stealth).
  2205 | D:2      | 2205 ||| Stepping ~*~*~tactically~*~*~ (outnumbered).
  2206 | D:2      | HP: 8/35 [gnoll/+0 spear (5)]
  2207 | D:2      | 2207 ||| DRINKING potion of heal wounds.
  2212 | D:2      | HP: 4/35 [gnoll/+0 club (5)]
  2212 | D:2      | Slain by a gnoll

Levels and vault maps discovered:
D:1:      dpeg_arrival_tiny_h, layout_loops_corners,
          hellmonk_ecumenical_altar_inner_sanctum
D:2:      wad_river_or_something, layout_basic, serial_shops,
          nicolae_shop_stone, minmay_hexomino_c4, uniq_crazy_yiuf_cottage,
          uniq_natasha

Skill      XL: |  1  2  3  4 |
---------------+-------------+-----
Unarmed Combat | 1 2 3 |  3.5
Fighting       | 1 |  1.0
Shields        | 1 2 |  2.0
Short Blades   | |  0.8
Dodging        | |  1.7
Stealth        | |  3.2
Spellcasting   | |  1.7
Hexes          | |  2.4

Action                   |  1- 3 |  4- 6 || total
-------------------------+-------+-------++-------
Melee: Unarmed           |   158 |    39 ||   197
Throw: Boomerang         |    34 |     9 ||    43
  Use: Scroll            |     2 |       ||     2
       Potion            |       |     1 ||     1
Armor: Robe              |     1 |       ||     1
       Chain mail        |   104 |    15 ||   119
Dodge: Dodged            |    36 |     4 ||    40
Block: Kite shield       |    56 |    16 ||    72

Table legend:
 A = Non-vault XP
 B = Vault XP
 C = Vault XP percentage of total XP
 D = Non-vault monster count
 E = Vault monster count
 F = Vault count percentage of total count
                 A         B        C        D         E       F
            +---------+---------+-------+---------+---------+-------
      Total |     112 |      44 |  28.2 |      28 |      16 |  36.4
            +---------+---------+-------+---------+---------+-------
        D:1 |      15 |       0 |   0.0 |       7 |       0 |   0.0
        D:2 |      97 |      44 |  31.2 |      21 |      16 |  43.2
            +---------+---------+-------+---------+---------+-------
